 Dungeon Crawl Stone Soup version 0.28.0-53-g5a82cb258f (webtiles) character file.

Game seed: 767358607841414578

4025 safid the Severer (level 10, -7/91 HPs)
             Began as a Hill Orc Fighter on July 31, 2022.
             Mangled by an orc knight
             ... wielding a +0 halberd
              (12 damage)
             ... in a bailey.
             The game lasted 00:15:30 (8189 turns).

safid the Severer (Hill Orc Fighter)                Turns: 8189, Time: 00:15:31

Health: -7/91      AC: 21    Str: 24    XL:     10   Next: 24%
Magic:  10/10      EV:  6    Int:  8    God:
Gold:   118        SH:  4    Dex: 10    Spells: 9/9 levels left

rFire   . . .      SeeInvis .   a - +0 war axe
rCold   . . .      Faith    .   c - +0 buckler
rNeg    . . .      Spirit   .   K - +0 plate armour
rPois   +          Reflect  .   v - +0 helmet
rElec   .          Harm     .   z - +2 cloak
rCorr   +          Rampage  .   p - +1 pair of gloves
Will    .....                   m - +2 pair of boots
Stlth   ..........              (no amulet)
HPRegen 0.25/turn               u - ring of poison resistance
MPRegen 0.12/turn               A - ring of resist corrosion

@: no status effects
A: no striking features
a: no special abilities


You were in a bailey.
You visited 1 branch of the dungeon, and saw 7 of its levels.
You also visited: Bailey.

You collected 425 gold pieces.
You spent 307 gold pieces at shops.

Inventory:

Hand Weapons
 a - a +0 war axe (weapon)
Missiles
 h - 2 poisoned darts (quivered)
Armour
 c - a +0 buckler (worn)
 m - a +2 pair of boots (worn)
 p - a +1 pair of gloves (worn)
 v - a +0 helmet (worn)
 z - a +2 cloak (worn)
 K - a +0 plate armour (worn)
Jewellery
 o - a ring of positive energy
 t - a ring of flight
 u - a ring of poison resistance (left hand)
 A - a ring of resist corrosion (right hand)
Wands
 d - a wand of flame (46)
 w - a wand of polymorph (10)
Scrolls
 e - a scroll of immolation {unknown}
 i - 4 scrolls of identify {unknown}
 k - 2 scrolls of teleportation {unknown}
 l - a scroll of summoning {unknown}
 n - a scroll of fog {unknown}
 q - a scroll of fear {unknown}
 s - 2 scrolls of noise {unknown}
 x - a scroll of amnesia {unknown}
 y - a scroll of silence {unknown}
 B - a scroll of blinking
 D - a scroll of holy word {unknown}
 E - 4 scrolls of enchant armour
 J - 4 scrolls of enchant weapon
Potions
 g - a potion of brilliance {unknown}
 j - 5 potions of cancellation {unknown}
 r - a potion of berserk rage {unknown}
 C - a potion of curing
 G - 3 potions of magic {unknown}
 H - a potion of mutation {unknown}


   Skills:
 + Level 9.1 Fighting
 - Level 16.0 Axes
 - Level 4.0 Armour
 - Level 4.0 Shields


You had 9 spell levels left.
You didn't know any spells.
Your spell library contained the following spells:

 Spells                   Type           Power      Damage    Failure   Level
 Magic Dart               Conj           0%         1d3       100%        1
 Slow                     Hex            0%         N/A       100%        1
 Corpse Rot               Necr/Air       0%         N/A       100%        2
 Ensorcelled Hibernation  Hex/Ice        0%         N/A       100%        2
 Passwall                 Tmut/Erth      0%         N/A       100%        2
 Searing Ray              Conj           0%         2d4       100%        2
 Confusing Touch          Hex            0%         N/A       100%        3
 Swiftness                Air            0%         N/A       100%        3
 Vampiric Draining        Necr           0%         2d6       100%        3
 Dispel Undead            Necr           0%         3d6       100%        4
 Fulminant Prism          Conj/Hex       0%         3d6       100%        4
 Death Channel            Necr           0%         N/A       100%        6


Dungeon Overview and Level Annotations

Branches:
Dungeon (7/15)             Temple (0/1) D:5          Bailey (1/1)

Altars:
Okawaru
Trog
Uskayaw
The Shining One

Shops:
D:1 (   D:5 *   D:6 *


Message History

You barely miss the orc knight.
The orc knight is moderately wounded.
You block the orc knight's attack.
You slash the orc knight!
The orc knight is heavily wounded.
The orc knight looks more healthy.
The orc knight hits you with a +0 halberd!
You hit the orc knight but do no damage.
The orc knight is heavily wounded.
You hit the orc knight but do no damage.
The orc knight is heavily wounded.
You block the orc knight's attack.
You closely miss the orc knight.
The orc knight is heavily wounded.
You block the orc knight's attack.
You slice the orc knight!!
The orc knight is severely wounded.
The orc knight hits you with a +0 halberd!
You slash the orc knight!
The orc knight is almost dead.
You hit the orc knight but do no damage.
The orc knight is almost dead.
The orc knight barely misses you.
You closely miss the orc knight.
The orc knight is almost dead.
The orc knight hits you with a +0 halberd!
You closely miss the orc knight.
The orc knight is almost dead.
You closely miss the orc knight.
The orc knight is almost dead.
The orc knight hits you with a +0 halberd!!
* * * LOW HITPOINT WARNING * * *
You closely miss the orc knight.
The orc knight is almost dead.
The orc knight hits you with a +0 halberd.
* * * LOW HITPOINT WARNING * * *
You hit the orc knight.
The orc knight is almost dead.
The orc knight hits you with a +0 halberd!
You die...

#...#
#.(.#
#...#
#..)#
###)###
##.)(..##
#.......#
#.).....#
#...@o.)#
#..#.#..#
#.##8##)#
#()#.#.)#
#...).).#
#...))).#
#∩..)).∩#
#.......#
##..=..##


You could see an orc knight.

Vanquished Creatures
  Pikel (D:6)
  2 orc knights (Bailey)
  Grinder (D:5)
  Sigmund (D:5)
  Eustachio (D:5)
  9 orc warriors (Bailey)
  A necrophage (D:4)
  2 black bears (D:6)
  An ogre (D:3)
  3 lemures
  3 phantoms
  A water moccasin zombie (D:5)
  A scorpion (D:4)
  3 wights (D:6)
  A howler monkey (D:5)
  3 hounds (D:6)
  2 iguanas (D:5)
  A jelly (D:5)
  2 bullfrog skeletons
  Ijyb (D:3)
  3 orc wizards
  A hound skeleton (D:5)
  Robin (D:3)
  A gnoll (D:3)
  4 adders
  A shadow imp (D:5)
  A white imp (D:5)
  An adder skeleton (D:4)
  A worm (D:3)
  A dart slug (D:3)
  25 orcs
  4 endoplasms
  4 giant cockroaches
  20 goblins
  12 hobgoblins
  7 kobolds
  4 quokkas
  7 ball pythons
  8 bats
  4 frilled lizards
  A jackal skeleton (D:4)
  3 rats
154 creatures vanquished.

Notes
Turn   | Place    | Note
-------+----------+-------------------------------------------
     0 | D:1      | safid the Hill Orc Fighter began the quest for the Orb.
     0 | D:1      | Reached XP level 1. HP: 19/19 MP: 1/1
   173 | D:1      | Reached XP level 2. HP: 27/27 MP: 2/2
   180 | D:1      | Reached skill level 3 in Axes
   768 | D:1      | Reached XP level 3. HP: 33/33 MP: 3/3
   900 | D:1      | Found Ekeczy's Weapon Shoppe.
   959 | D:1      | Found a faded altar of an unknown god.
  1834 | D:2      | Found a glowing golden altar of the Shining One.
  1927 | D:3      | Noticed Ijyb
  1935 | D:3      | Killed Ijyb
  1936 | D:3      | Reached XP level 4. HP: 25/40 MP: 4/4
  2103 | D:3      | Reached skill level 4 in Axes
  2105 | D:3      | Noticed an ogre
  2679 | D:3      | Found an iron altar of Okawaru.
  2680 | D:3      | Found a bloodstained altar of Trog.
  2685 | D:3      | Reached skill level 5 in Axes
  2735 | D:3      | Reached XP level 5. HP: 46/46 MP: 5/5
  2827 | D:3      | Killed an ogre
  2828 | D:3      | Reached skill level 6 in Axes
  3004 | D:3      | Noticed Robin
  3015 | D:3      | Reached XP level 6. HP: 50/52 MP: 6/6
  3018 | D:3      | Killed Robin
  3406 | D:4      | Reached skill level 7 in Axes
  3524 | D:4      | Found a hide-covered altar of Uskayaw.
  3845 | D:4      | Noticed a necrophage
  3858 | D:4      | Killed a necrophage
  3859 | D:4      | Reached skill level 8 in Axes
  4195 | D:4      | Identified the +2 robe "Yhyossuf" {rPois rF+ SInv Stlth-}
  4292 | D:4      | Reached XP level 7. HP: 59/59 MP: 7/7
  4329 | D:5      | Entered Level 5 of the Dungeon
  4339 | D:5      | Reached skill level 9 in Axes
  4353 | D:5      | Found Zoal Aw Vig's General Store.
  4362 | D:5      | Noticed Grinder
  4373 | D:5      | Paralysed by Grinder for 5 turns
  4384 | D:5      | Paralysed by Grinder for 7 turns
  4392 | D:5      | Killed Grinder
  4393 | D:5      | Reached skill level 10 in Axes
  4702 | D:5      | Found a staircase to the Ecumenical Temple.
  4729 | D:5      | Reached XP level 8. HP: 58/66 MP: 8/8
  4808 | D:5      | Bought a potion of degeneration for 11 gold pieces
  4808 | D:5      | Bought a scroll of blinking for 82 gold pieces
  4808 | D:5      | Bought a potion of curing for 33 gold pieces
  4834 | D:5      | Noticed Sigmund
  4835 | D:5      | Reached skill level 11 in Axes
  4850 | D:5      | Noticed Eustachio
  5052 | D:5      | Killed Sigmund
  5053 | D:5      | Reached skill level 12 in Axes
  5088 | D:5      | Killed Eustachio
  5089 | D:5      | Reached skill level 13 in Axes
  5633 | D:6      | Found Humoehelus's Neck Hole.
  5672 | D:6      | Bought a +2 cloak for 181 gold pieces
  5931 | D:6      | Reached XP level 9. HP: 59/71 MP: 9/9
  5936 | D:6      | Reached skill level 14 in Axes
  6218 | D:6      | Noticed Pikel
  6303 | D:6      | Killed Pikel
  6304 | D:6      | Reached skill level 15 in Axes
  6600 | D:7      | Found a flagged portal.
  6648 | Bailey   | Entered a bailey
  6932 | Bailey   | Reached skill level 16 in Axes
  7165 | Bailey   | Noticed an orc knight
  7165 | Bailey   | Noticed an orc knight
  7200 | Bailey   | Reached skill level 5 in Fighting
  7460 | Bailey   | Noticed an orc knight
  7486 | Bailey   | Killed an orc knight
  7487 | Bailey   | Reached XP level 10. HP: 41/86 MP: 10/10
  7792 | Bailey   | HP: 1/88 [orc knight/+0 halberd (17)]
  7800 | Bailey   | Killed an orc knight
  8189 | Bailey   | Mangled by an orc knight

Illustrated notes

Levels and vault maps discovered:
D:1:      matt_arrival_refuge, layout_basic, serial_shops,
          nicolae_shop_behind_doors, shapermc_ecumenical_altar_petra
D:2:      layout_basic, serial_co_window_serial, co_window_corner_a,
          co_window_paths_a, co_window_cross_1, co_window_paths_b,
          co_window_paths_a, co_window_corner_a, co_window_paths_a,
          co_window_unsneaky_path_d, co_window_broadway_a, co_window_broadway_b,
          co_window_unsneaky_path_c, basic_altar
D:3:      layout_loops_ring, grunt_temple_overflow_bloody_war, chequers_avenue,
          chequers_decorated_corner, grunt_decor_resistance,
          minmay_misc_feat_tower, nrook_loot_triangle, minmay_starry_boxes,
          uniq_ijyb, uniq_robin
D:4:      layout_loops_corners, nicolae_uskayaw_dance_hall
D:5:      layout_rooms, minmay_temple_entry_sparse_star, serial_shops,
          nicolae_shop_statue_plus, uniq_grinder, uniq_sigmund, uniq_eustachio
D:6:      nicolae_cairo_tiling_very_big, layout_gridville,
          nicolae_shop_sticking_my_neck_out, uniq_pikel
D:7:      layout_cave_pools, enter_bailey_5, uniq_harold
Bailey:   bailey_polearm_5, bailey

Skill      XL: |  1  2  3  4  5  6  7  8  9 10 |
---------------+-------------------------------+-----
Axes           | 3 5 6 8 10 13 16 | 16.0
Fighting       | 4 7 9 |  9.1
Armour         | 4 |  4.0
Shields        | 4 |  4.0

Action                   |  1- 3 |  4- 6 |  7- 9 | 10-12 || total
-------------------------+-------+-------+-------+-------++-------
Melee: War axe           |    86 |   152 |   290 |    39 ||   567
Throw: Dart              |       |       |     7 |    22 ||    29
  Use: Potion            |     1 |       |     2 |     4 ||     7
       Scroll            |       |       |       |     1 ||     1
Armor: Scale mail        |    39 |    88 |   152 |       ||   279
       Plate armour      |       |       |       |     9 ||     9
Dodge: Dodged            |    35 |    79 |   124 |     9 ||   247
Block: Buckler           |    19 |    29 |    58 |    14 ||   120
